 Dungeon Crawl Stone Soup version 0.28-a0-991-g956f0ee3d5 (webtiles) character file.

Game seed: 49374943600662022

28147 Colgate the Brawler (level 13, -8/138 HPs)
             Began as a Palentonga Berserker on Dec 5, 2021.
             Was an Elder of Trog.
             Mangled by a meliai (10 damage)
             ... on level 12 of the Dungeon.
             The game lasted 01:43:40 (18489 turns).

Colgate the Brawler (Palentonga Berserker)         Turns: 18489, Time: 01:43:42

Health: -8/138     AC: 27    Str: 20    XL:     13   Next: 8%
Magic:  13/13      EV:  8    Int: 10    God:    Trog [****..]
Gold:   783        SH: 11    Dex: 17    Spells: 12/12 levels left

rFire   + + .      SeeInvis +     - Unarmed
rCold   + + .      Faith    +   a - +1 kite shield {rC+}
rNeg    . . .      Spirit   .   e - +0 steam dragon scales of Uffoutru {rCorr Dex+4}
rPois   .          Reflect  .   b - +2 helmet {SInv}
rElec   .          Harm     .   p - scarf {rC+ rF+}
rCorr   +          Rampage  .   (no gloves)
Will    +....                   l - +3 barding {rF+}
Stlth   ..........              w - amulet of faith
HPRegen 0.33/turn               n - ring of willpower
MPRegen 0.13/turn               J - +4 ring of protection

@: berserking, curled up, very quick
A: large, rugged brown scales 3, see invisible, deformed body, roll 3, armoured
tail, reflexive curl
a: Rolling Charge, Renounce Religion, Berserk, Trog's Hand, Brothers in Arms


You were on level 12 of the Dungeon.
You worshipped Trog.
Trog was greatly pleased with you.
You visited 1 branch of the dungeon, and saw 12 of its levels.
You also visited: Bailey and Ice Cave.

You collected 981 gold pieces.
You spent 198 gold pieces at shops.

Inventory:

Missiles
 c - 15 boomerangs
 f - 434 stones
 g - 43 poisoned darts
 k - 6 boomerangs of dispersal
 u - 2 throwing nets
 x - 6 datura-tipped darts
 P - 2 javelins
Armour
 a - a +1 kite shield of cold resistance (worn)
 b - a +2 helmet of see invisible (worn)
 e - the +0 steam dragon scales of Uffoutru (worn) {rCorr Dex+4}
   (You found it in a bailey)

   Dex:       It affects your dexterity (+4).
   rCorr:     It protects you from acid and corrosion.
 l - a +3 barding of fire resistance (worn)
 p - a scarf of resistance (worn)
 t - a +0 cloak
 M - a +2 scale mail of cold resistance
 O - a +2 tower shield of cold resistance
Jewellery
 n - a ring of willpower (left hand)
 w - an amulet of faith (around neck)
 D - a ring of protection from fire
 J - a +4 ring of protection (right hand)
Wands
 A - a wand of acid (1)
 B - a wand of flame (35)
 C - a wand of paralysis (13)
 F - a wand of iceblast (14)
 G - a wand of charming (12)
Scrolls
 d - 7 scrolls of teleportation
 j - 2 scrolls of holy word
 v - a scroll of fear
 y - 3 scrolls of blinking
 E - 4 scrolls of immolation
 N - a scroll of fog
Potions
 h - a potion of lignification
 i - a potion of invisibility
 m - a potion of resistance
 o - 5 potions of curing
 q - 2 potions of flight
 r - 2 potions of heal wounds
 s - 4 potions of might
 z - a potion of cancellation
 H - 3 potions of ambrosia
 K - a potion of magic
 L - a potion of attraction {unknown}
Miscellaneous
 I - a phial of floods (inert)


   Skills:
 - Level 3.0 Fighting
 - Level 2.1 Armour
 - Level 4.0 Dodging
 + Level 6.3 Shields
 - Level 20.0 Unarmed Combat
 - Level 1.2 Evocations


You had 12 spell levels left.
You didn't know any spells.
Your spell library was empty.

Dungeon Overview and Level Annotations

Branches:
Dungeon (12/15)            Temple (0/1) D:6            Lair (0/6) D:11
    Orc (0/2) D:11         Bailey (visited)           IceCv (visited)

Altars:
Cheibriados
Dithmenos
Kikubaaqudgha
Okawaru
Trog
Uskayaw
Yredelemnul
The Shining One

Shops:
D:5 *   D:8 (

Annotations:
D:11 1 runed translucent door, docpaisley's ghost, journeyman DsTm


Innate Abilities, Weirdness & Mutations

You are completely covered in rugged brown scales. (AC +3, +7% HP)
You have supernaturally acute eyesight. (SInv)
Armour fits poorly on your strangely shaped body.
You can roll a great distance at foes to attack.
You have a long armoured tail.
You curl defensively after being hit. (AC +7*)


Message History

The death knight hits you but does no damage.
You closely miss the death knight.
Your tail-slap misses the death knight.
The death knight is heavily wounded.
The meliai calls down the wrath of its god upon you.
Something smites you!
* * * LOW HITPOINT WARNING * * *
You punch the death knight! You tail-slap the death knight!
The death knight is severely wounded.
Your two-headed ogre hits the death knight with a +0 giant club.
Your two-headed ogre barely misses the death knight.
You punch the death knight!
The death knight is almost dead.
The manticore closely misses you. The manticore claws you.
* * * LOW HITPOINT WARNING * * *
The manticore claws you but does no damage.
The death knight mumbles some strange prayers to Yredelemnul against you.
You easily resist.
You barely miss the death knight.
The death knight is almost dead.
Your two-headed ogre hits the death knight with a +0 giant club!
The death knight dies!
Trog accepts your kill.
The meliai mumbles some strange prayers to its god against you.
Something smites you!
* * * LOW HITPOINT WARNING * * *
Your Unarmed Combat skill increases to level 20!
You pummel the manticore!!
You kill the manticore!
Trog accepts your kill. The meliai hits you but does no damage.
The meliai hits your two-headed ogre with a +0 hand axe!
You block the meliai's attack.
You punch the meliai!
The meliai is moderately wounded.
Your two-headed ogre hits the meliai with a +0 giant club!
Your two-headed ogre hits the meliai with a +0 giant club!!
The meliai dies!
Trog accepts your kill.
The meliai hits you with a +1 vampiric hand axe!
You die...

...........[<.....#
.################.#
.# #.######## .#
#.....>... .#
#.######## .# #.#
.# #.# .#
#.######.# .#
#^....)@.# .#
#....yyO.# .#
#.######... .#
#.### .# #.# .# #.#
.# .# .# .#
.###########


You could see 2 meliai and a friendly two-headed ogre (summoned, berserk).

Vanquished Creatures
  Erolcha (D:10)
  An ironbound frostheart (IceCv)
  6 two-headed ogres
  2 death yaks (IceCv)
  2 manticores
  A cyclops (D:12)
  An ice statue (IceCv)
  Joseph (D:7)
  Maggie (D:7)
  2 rime drakes (D:12)
  An unseen horror (D:12)
  A komodo dragon (D:12)
  2 trolls (D:12)
  11 polar bears (IceCv)
  A wyvern (D:11)
  Sigmund (D:3)
  A wraith (D:8)
  A water elemental (D:11)
  4 shadows
  31 yaks
  Eustachio (D:5)
  3 steam dragons
  Edmund (D:4)
  A warg (D:11)
  Pargi (D:3)
  3 water moccasins (D:7)
  13 orc warriors
  2 black bears (D:11)
  2 ogres
  An ice beast (D:7)
  3 necrophages
  An ice beast (shapeshifter) (D:11)
  15 wolves (IceCv)
  3 centaurs
  2 bullfrogs (D:7)
  3 kobold brigands
  2 gnoll sergeants
  4 scorpions
  A water moccasin skeleton (D:6)
  6 killer bees (D:7)
  7 wights
  4 electric eels
  2 howler monkeys
  A bullfrog zombie (D:7)
  3 centaur zombies
  4 hounds
  A bullfrog skeleton (D:7)
  3 centaur skeletons
  A human zombie (D:9)
  Crazy Yiuf (D:2)
  9 orc priests
  2 gnoll shamans
  3 iguanas
  Terence (D:2)
  Natasha (thrice) (D:3)
  15 orc wizards
  3 killer bee zombies
  7 mummies (D:9)
  2 howler monkey zombies (D:9)
  11 gnolls
  A howler monkey skeleton (D:7)
  6 adders
  2 white imps
  2 worms (D:2)
  4 dart slugs
  55 orcs
  6 ball pythons
  4 bats
  8 endoplasms
  6 giant cockroaches
  9 goblins
  15 hobgoblins
  A quokka (D:1)
  2 frilled lizards
  20 kobolds
  6 rats
370 creatures vanquished.

Vanquished Creatures (collateral kills)
  A death knight (D:12)
  3 death yaks (IceCv)
  A meliai (D:12)
5 creatures vanquished.

Vanquished Creatures (others)
  An ironbound frostheart (IceCv)
  A demonspawn (D:1)
  A death yak (IceCv)
  2 octopodes (D:1)
  2 gargoyles (D:1)
  A merfolk (D:1)
  2 formicids (D:1)
  A yak (IceCv)
  A demigod (D:1)
  A dwarf (D:1)
  2 tengu (D:1)
  2 felids (D:1)
  A kobold (D:1)
  32 plants
  4 tentacles (D:1)
54 creatures vanquished.

Grand Total: 429 creatures vanquished

Notes
Turn   | Place    | Note
-------+----------+-------------------------------------------
     0 | D:1      | Colgate the Palentonga Berserker began the quest for the
                  | Orb.
     0 | D:1      | Reached XP level 1. HP: 19/19 MP: 1/1
     2 | D:1      | Noticed a felid
     2 | D:1      | Noticed a formicid
     2 | D:1      | Noticed an octopode
     2 | D:1      | Noticed a felid
     2 | D:1      | Noticed a formicid
     2 | D:1      | Noticed a gargoyle
     2 | D:1      | Noticed a tengu
     2 | D:1      | Noticed a kraken
     2 | D:1      | Noticed a demigod
     2 | D:1      | Noticed a merfolk
     2 | D:1      | Noticed a dwarf
     2 | D:1      | Noticed an octopode
     2 | D:1      | Noticed a demonspawn
     2 | D:1      | Noticed a tengu
     2 | D:1      | Noticed a gargoyle
     4 | D:1      | Killed a felid
     4 | D:1      | Killed an octopode
     5 | D:1      | Killed a merfolk
     6 | D:1      | Killed a formicid
     6 | D:1      | Killed a gargoyle
     8 | D:1      | Killed a felid
     8 | D:1      | Killed a tengu
     9 | D:1      | Killed an octopode
     9 | D:1      | Killed a tengu
     9 | D:1      | Killed a gargoyle
    11 | D:1      | Killed a formicid
    12 | D:1      | Killed a demigod
    12 | D:1      | Killed a dwarf
    13 | D:1      | Killed a demonspawn
    54 | D:1      | Reached XP level 2. HP: 22/25 MP: 2/2
   386 | D:1      | Reached skill level 4 in Unarmed Combat
   811 | D:1      | Reached XP level 3. HP: 28/31 MP: 3/3
  1639 | D:2      | Noticed Terence
  1645 | D:2      | Killed Terence
  1650 | D:2      | Reached XP level 4. HP: 32/37 MP: 4/4
  1742 | D:2      | Reached skill level 5 in Unarmed Combat
  1806 | D:2      | Found a faded altar of an unknown god.
  1846 | D:2      | Reached ** piety under Trog
  2307 | D:2      | Found a runed translucent door.
  2308 | D:2      | Noticed Crazy Yiuf
  2963 | D:3      | Reached XP level 5. HP: 43/43 MP: 5/5
  2992 | D:3      | Found a bloodstained altar of Trog.
  3080 | D:3      | Noticed Natasha
  3083 | D:3      | Killed Natasha
  3084 | D:3      | Reached skill level 6 in Unarmed Combat
  3117 | D:3      | Noticed Natasha
  3125 | D:3      | Killed Natasha
  3195 | D:3      | Noticed Natasha
  3206 | D:3      | Killed Natasha
  3321 | D:3      | Noticed Sigmund
  3336 | D:3      | Killed Sigmund
  3337 | D:3      | Reached skill level 7 in Unarmed Combat
  3337 | D:3      | Reached XP level 6. HP: 50/50 MP: 6/6
  3574 | D:3      | Noticed Pargi
  3595 | D:3      | Killed Pargi
  4092 | D:3      | Found a glowing golden altar of the Shining One.
  4187 | D:3      | Reached skill level 8 in Unarmed Combat
  4576 | D:3      | Gained mutation: You curl defensively after being hit. (AC
                  | +7*) [Palentonga growth]
  4576 | D:3      | Reached XP level 7. HP: 55/55 MP: 7/7
  4640 | D:4      | Noticed Edmund
  4650 | D:4      | Killed Edmund
  4651 | D:4      | Reached skill level 9 in Unarmed Combat
  4954 | D:4      | Found a shadowy altar of Dithmenos.
  5002 | D:4      | Found an iron altar of Okawaru.
  5347 | D:2      | Killed Crazy Yiuf
  5447 | D:5      | Entered Level 5 of the Dungeon
  5511 | D:5      | Found Gukaruz's General Store.
  5519 | D:5      | Bought a scroll of fear for 42 gold pieces
  5703 | D:5      | Noticed Eustachio
  5712 | D:5      | Killed Eustachio
  5713 | D:5      | Reached skill level 10 in Unarmed Combat
  5713 | D:5      | Reached XP level 8. HP: 62/62 MP: 8/8
  5874 | D:5      | Bought a scroll of blinking for 90 gold pieces
  6072 | D:5      | Found Gukaruz's General Store.
  6557 | D:6      | Found a staircase to the Ecumenical Temple.
  6585 | D:6      | Found a hide-covered altar of Uskayaw.
  6675 | D:6      | Reached skill level 11 in Unarmed Combat
  6719 | D:6      | Reached *** piety under Trog
  7142 | D:6      | Found a snail-covered altar of Cheibriados.
  7261 | D:7      | Identified 2 scrolls of acquirement
  7261 | D:7      | Acquired a +2 barding of fire resistance
  7262 | D:7      | Acquired a +0 kite shield of protection
  7302 | D:7      | Noticed Joseph
  7312 | D:7      | Killed Joseph
  7313 | D:7      | Reached skill level 12 in Unarmed Combat
  7313 | D:7      | Reached XP level 9. HP: 67/67 MP: 9/9
  7595 | D:7      | Reached skill level 13 in Unarmed Combat
  7678 | D:7      | Reached skill level 1 in Evocations
  7704 | D:7      | Reached **** piety under Trog
  7808 | D:7      | Noticed Maggie
  7816 | D:7      | Killed Maggie
  8449 | D:7      | Reached skill level 5 in Shields
  8479 | D:7      | Reached XP level 10. HP: 74/74 MP: 10/10
  8712 | D:8      | Gained mutation: You can roll at foes to attack. [potion of
                  | mutation]
  8712 | D:8      | Gained mutation: You can roll a great distance at foes to
                  | attack. [potion of mutation]
  8723 | D:8      | Noticed a two-headed ogre
  8729 | D:8      | Killed a two-headed ogre
  8812 | D:8      | Found a flagged portal.
  8867 | Bailey   | Entered a bailey
  9078 | Bailey   | Noticed an orc knight
  9246 | Bailey   | Identified the +5 hand axe of Wapacw {venom, *Corrode Fly
                  | Will+ Str+4}
  9247 | Bailey   | Identified the +0 steam dragon scales of Uffoutru {rCorr
                  | Dex+4}
 10566 | D:8      | Found an ancient bone altar of Kikubaaqudgha.
 10573 | D:8      | Reached ***** piety under Trog
 11012 | D:8      | Found Jytammy Rugu's Antique Weapon Shoppe.
 11402 | D:8      | Reached skill level 14 in Unarmed Combat
 12034 | D:9      | Reached skill level 15 in Unarmed Combat
 12041 | D:9      | Received a gift from Trog
 12273 | D:5      | Bought a scroll of immolation for 42 gold pieces
 12273 | D:5      | Bought a scroll of identify for 24 gold pieces
 12538 | D:9      | Reached XP level 11. HP: 80/80 MP: 11/11
 12573 | D:9      | Found a basalt altar of Yredelemnul.
 12724 | D:10     | Entered Level 10 of the Dungeon
 12924 | D:10     | Noticed Erolcha
 12931 | D:10     | Killed Erolcha
 13240 | D:10     | Reached skill level 16 in Unarmed Combat
 13899 | D:11     | Noticed a two-headed ogre
 13905 | D:11     | Killed a two-headed ogre
 14093 | D:11     | Noticed a two-headed ogre
 14100 | D:11     | Killed a two-headed ogre
 14153 | D:11     | Noticed docpaisley's ghost (journeyman DsTm)
 14156 | D:11     | Found a runed translucent door.
 14192 | D:11     | Found a staircase to the Lair.
 14396 | D:11     | Found a staircase to the Orcish Mines.
 14433 | D:11     | Received a gift from Trog
 14735 | D:11     | Noticed a two-headed ogre
 14738 | D:11     | Killed a two-headed ogre
 14739 | D:11     | Reached skill level 17 in Unarmed Combat
 15598 | D:12     | Noticed a two-headed ogre
 15601 | D:12     | Killed a two-headed ogre
 15641 | D:12     | Noticed a two-headed ogre
 15645 | D:12     | Killed a two-headed ogre
 15796 | D:12     | Reached XP level 12. HP: 51/86 MP: 12/12
 15842 | D:12     | Found a frozen archway.
 15848 | IceCv    | Entered an ice cave
 16333 | IceCv    | Reached skill level 18 in Unarmed Combat
 17068 | IceCv    | Received a gift from Trog
 17099 | IceCv    | Noticed a death yak
 17099 | IceCv    | Noticed a death yak
 17100 | IceCv    | Noticed a death yak
 17100 | IceCv    | Noticed a death yak
 17104 | IceCv    | Noticed an ironbound frostheart
 17105 | IceCv    | Noticed an ironbound frostheart
 17213 | IceCv    | Killed a death yak
 17214 | IceCv    | Killed a death yak
 17215 | IceCv    | Reached skill level 19 in Unarmed Combat
 17265 | IceCv    | Killed a death yak
 17534 | IceCv    | Killed an ironbound frostheart
 17815 | IceCv    | Killed an ironbound frostheart
 17816 | IceCv    | Noticed a death yak
 17824 | IceCv    | Killed a death yak
 17847 | IceCv    | Killed a death yak
 17910 | IceCv    | Noticed a death yak
 17922 | IceCv    | Killed a death yak
 18366 | D:12     | Reached XP level 13. HP: 92/92 MP: 13/13
 18487 | D:12     | HP: 2/138 [meliai/divine providence (16)]
 18488 | D:12     | Reached skill level 20 in Unarmed Combat
 18489 | D:12     | Mangled by a meliai

Illustrated notes

Levels and vault maps discovered:
D:1:      nicolae_arrival_kraken_aquarium_b, layout_loops_ring, minivault_23
D:2:      layout_basic, ebering_ecumenical_altar_mist, uniq_terence,
          uniq_crazy_yiuf_cottage
D:3:      layout_basic, tso_altar, trog_hazing_becter, serial_forest,
          infiniplex_forest_clump_double, infiniplex_forest_corner_2,
          infiniplex_forest_straight_5, infiniplex_forest_clump_curved,
          infiniplex_forest_clump_long, chequers_big_river, uniq_sigmund,
          uniq_natasha, uniq_pargi
D:4:      layout_cave_pools, okawaru_ov_weapons_minmay, grunt_dithmenos_smoke,
          sigmund_army, uniq_edmund
D:5:      nicolae_cairo_tiling_very_big, layout_cave_pools, serial_shops,
          nicolae_shop_stone, uniq_eustachio
D:6:      layout_basic, mainiacjoe_overflow_tiny_flanked,
          eat_drink_and_be_merry_uskayaw, minmay_temple_entry_large_hall
D:7:      minmay_razor_zed, layout_basic, nrook_mini_vaults, uniq_maggie,
          uniq_joseph
D:8:      layout_cave_pods, nicolae_kikubaaqudgha_miasma_corner, enter_bailey_3,
          serial_shops, kennysheep_mini_moat
D:9:      layout_rooms, lemuel_mausoleum_altar_yredelemnul
D:10:     layout_stronghold, serial_column_ruins, column_ruins_columns_straight,
          column_ruins_corridor_water, column_ruins_grid_1,
          column_ruins_open_large, column_ruins_corridor_straight, uniq_erolcha
D:11:     layout_roguey, david_lair_generic, david_orc_1_choice,
          hellmonk_ghost_happy_afterlife, serial_bayou_lake_a
D:12:     minmay_two_paths, layout_basic, portal_ice_cave_rime

Skill      XL: |  1  2  3  4  5  6  7  8  9 10 11 12 13 |
---------------+----------------------------------------+-----
Unarmed Combat | 4 5 7 8 10 12 13 15 17 19 20 | 20.0
Armour         | 2 |  2.1
Evocations     | 1 |  1.2
Shields        | 5 6 |  6.3
Dodging        | 2 4 |  4.0
Fighting       | |  3.0

Action                   |  1- 3 |  4- 6 |  7- 9 | 10-12 | 13-15 || total
-------------------------+-------+-------+-------+-------+-------++-------
Melee: Unarmed           |    84 |   108 |   234 |   743 |    13 ||  1182
       Tailslap          |     9 |    14 |    22 |   152 |     1 ||   198
       Punch             |     1 |     3 |    13 |     1 |       ||    18
Throw: Boomerang         |       |    65 |    13 |     6 |       ||    84
       Dart              |       |       |    17 |    32 |       ||    49
Invok: Berserk           |     2 |     1 |     4 |     4 |     1 ||    12
       Trog's Hand       |       |     2 |       |       |       ||     2
       Brothers in Arms  |       |       |       |     4 |     1 ||     5
 Abil: Rolling Charge    |    24 |    24 |    49 |   121 |     5 ||   223
Evoke: Wand              |       |       |    11 |    13 |       ||    24
       Phial of floods   |       |       |       |     1 |       ||     1
  Use: Scroll            |       |     1 |     8 |    16 |     1 ||    26
       Potion            |       |       |     1 |     1 |       ||     2
Armor: Animal skin       |    25 |     2 |       |       |       ||    27
       Scale mail        |       |    36 |       |       |       ||    36
       Troll leather arm |       |     4 |   108 |    36 |       ||   148
       Skin              |       |       |    21 |       |       ||    21
       Steam dragon scal |       |       |       |   233 |    11 ||   244
Dodge: Dodged            |    34 |    43 |    81 |   115 |     2 ||   275
Block: Kite shield       |       |       |       |   336 |     6 ||   342

Table legend: (Time is in decaauts)
 A = Elapsed time spent in this place.
 B = Non-inter-level travel time spent in this place.
 C = Inter-level travel time spent in this place.
 D = Time resting spent in this place.
 E = Time spent auto-exploring this place.
 F = Levels seen in this place.
 G = Mean time per level.
                   A        B        C        D        E       F      G
               +--------+--------+--------+--------+--------+-----+--------+
         Total |  18558 |  17390 |   1168 |    515 |  13069 |  14 | 1325.6 |
       Dungeon |  14975 |  13807 |   1168 |    153 |  10951 |  12 | 1247.9 |
        Bailey |   1162 |   1162 |      0 |    100 |    633 |   1 | 1162.0 |
      Ice Cave |   2420 |   2420 |      0 |    261 |   1484 |   1 | 2420.0 |
               +--------+--------+--------+--------+--------+-----+--------+

Top non-repeatable levels by time:
   IceCv: 2420 daAuts
     D:8: 1899 daAuts
     D:3: 1860 daAuts
     D:1: 1663 daAuts
    D:11: 1537 daAuts
     D:2: 1482 daAuts
     D:7: 1454 daAuts
  Bailey: 1162 daAuts
    D:10: 1103 daAuts
     D:5: 1099 daAuts
     D:6: 857 daAuts
     D:9: 836 daAuts
    D:12: 665 daAuts
     D:4: 516 daAuts
